 Dungeon Crawl Stone Soup version 0.24.1 (webtiles) character file.

Game seed: 10896655844997800102, levelgen mode: deterministic

24230 ilgaewol the Cleaver (level 12, -7/89 HPs)
             Began as a Demonspawn Wizard on Mar 31, 2020.
             Was a High Priest of Makhleb.
             Mangled by a reaper
             ... wielding a +2 scythe of freezing
              (36 damage)
             ... in an ice cave.
             The game lasted 01:00:55 (19416 turns).

ilgaewol the Cleaver (Demonspawn Wizard)           Turns: 19416, Time: 01:00:56

Health: -7/89      AC: 24    Str: 15    XL:     12   Next: 78%
Magic:  17/17      EV:  6    Int: 19    God:    Makhleb [*****.]
Gold:   679        SH: 10    Dex: 12    Spells: 12/18 levels left

rFire    + . .     SeeInvis .   a - +5 war axe
rCold    + . .     Gourm    .   u - +0 shield
rNeg     . . .     Faith    .   k - +2 chain mail {rF+}
rPois    .         Spirit   .   f - +0 hat
rElec    .         Reflect  .   j - +2 cloak
rCorr    .         Harm     .   n - +0 pair of gloves
MR       .....                  N - +0 pair of boots
Stlth    ..........             (no amulet)
HPRegen  0.24/turn              s - ring of protection from fire
MPRegen  0.15/turn              L - ring of ice

@: no status effects
A: beak, horns 2, iridescent scales 2, blink, powered by death 2, strong 1,
MP-powered wands
a: Blink, Minor Destruction, Lesser Servant of Makhleb, Major Destruction,
Greater Servant of Makhleb, Renounce Religion


You were in an ice cave.
You worshipped Makhleb.
Makhleb was extremely pleased with you.
You were not hungry.

You visited 2 branches of the dungeon, and saw 14 of its levels.
You also visited: Ossuary and Ice Cave.

You collected 915 gold pieces.
You spent 236 gold pieces at shops.

Inventory:

Hand Weapons
 a - a +5 war axe (weapon)
 b - a +2 hand axe of flaming
 p - a +4 trident
 G - a +1 vampiric hand axe
Missiles
 q - 325 stones
 t - 15 javelins
 x - 52 poisoned darts
 M - 2 throwing nets
 R - 10 boomerangs (quivered)
 W - 6 curare-tipped darts
Armour
 f - a +0 hat (worn)
 j - a +2 cloak (worn)
 k - a +2 chain mail of fire resistance (worn)
 n - a +0 pair of gloves (worn)
 u - a +0 shield (worn)
 N - a +0 pair of boots (worn)
Jewellery
 s - a ring of protection from fire (left hand)
 A - an uncursed ring of resist corrosion
 I - an uncursed ring of protection from fire
 L - a ring of ice (right hand)
Wands
 E - a wand of digging (4)
 H - a wand of polymorph (21)
 O - a wand of random effects (8)
 T - a wand of paralysis (4)
Scrolls
 e - a scroll of fear
 h - 2 scrolls of enchant weapon
 l - a scroll of noise
 o - a scroll of magic mapping
 r - 3 scrolls of fog
 v - 6 scrolls of remove curse
 y - 4 scrolls of teleportation
 D - 2 scrolls of immolation
 P - a scroll of blinking
 Q - a scroll of amnesia
Potions
 c - 2 potions of heal wounds
 g - 6 potions of curing
 i - a potion of berserk rage
 m - a potion of mutation
 w - 2 potions of haste
 z - a potion of cancellation
 B - 3 potions of might
 C - 4 potions of lignification
 F - a potion of magic
 J - a potion of agility {unknown}
 K - a potion of flight {unknown}
 U - a potion of ambrosia {unknown}
Comestibles
 d - 18 rations


   Skills:
 + Level 6.3 Fighting
 + Level 10.9 Axes
 + Level 4.7 Throwing
 * Level 10.7 Armour
 - Level 1.7 Dodging
 - Level 1.7 Stealth
 * Level 8.5 Shields
 - Level 3.6 Spellcasting
 - Level 2.0 Conjurations
   Level 1.0 Summonings
 - Level 2.0 Translocations
 * Level 6.9 Invocations


You had 12 spell levels left.
You knew the following spells:

 Your Spells              Type           Power        Failure   Level  Hunger
a - Magic Dart            Conj           ##..         86%         1    None
b - Blink                 Tloc           N/A          94%         2    ##.....
c - Conjure Flame         Conj/Fire      #.......     100%        3    ###....

Your spell library contained the following spells:

 Spells                   Type           Power        Failure   Level  Hunger
 Shock                    Conj/Air       #...         94%         1    None
 Beastly Appendage        Tmut           #.....       98%         1    None
 Infusion                 Chrm           #...         98%         1    None
 Call Imp                 Summ           #.......     98%         2    ##.....
 Shroud of Golubria       Chrm/Tloc      #.....       98%         2    ##.....
 Slow                     Hex            #.......     99%         2    ##.....
 Song of Slaying          Chrm           #.......     99%         2    ##.....
 Sticks to Snakes         Tmut           #.......     99%         2    ##.....
 Swiftness                Chrm/Air       #.......     99%         2    ##.....
 Mephitic Cloud           Conj/Pois/Air  #.......     100%        3    ###....
 Regeneration             Chrm/Necr      #.........   100%        3    ###....
 Spectral Weapon          Hex/Chrm       #.......     100%        3    ###....
 Spider Form              Tmut/Pois      #.........   100%        3    ###....
 Static Discharge         Conj/Air       #.......     100%        3    ###....
 Airstrike                Air            #.........   100%        4    ####...
 Ice Form                 Ice/Tmut       #.......     100%        4    ####...
 Blade Hands              Tmut           #.........   100%        5    ######.
 Lightning Bolt           Conj/Air       #.........   100%        5    ######.


Dungeon Overview and Level Annotations

Branches:
Dungeon (13/15)            Temple (1/1) D:5            Lair (0/6) D:8
    Orc (0/2) D:12        Ossuary (visited)           IceCv (1/1)
 Vaults: D:13-14

Altars:
Ashenzari
Cheibriados
Dithmenos
Elyvilon
Fedhas
Gozag
Hepliaklqana
Kikubaaqudgha
Makhleb
Nemelex Xobeh
Okawaru
Qazlal
Ru
Sif Muna
Trog
Uskayaw
Vehumet
Wu Jian
Xom
Yredelemnul
Zin
The Shining One

Shops:
D:5 [   D:9 :   D:10 =   D:12 !

Annotations:
D:3 exclusion: downstairs
D:5 exclusion: 2 downstairs
D:6 exclusion: statue
D:7 1 runed translucent door, exclusion: downstairs, Crazy Yiuf
D:12 1 runed translucent door, exclusion: orange crystal statue IceCv exclusion: ice statue


Innate Abilities, Weirdness & Mutations

You have a pair of horns on your head.
You are mostly covered in iridescent scales. (AC +4)
You regenerate health from kills.
You have a beak for a mouth.
You can translocate small distances at will.
Your muscles are strong. (Str +2)
You expend magic power (3 MP) to strengthen your wands.


Message History

A demon appears!
Okay, then.
A demon appears!
The reaper hits you from afar with a +2 scythe of freezing!!
The reaper freezes you.
Your ynoxinul gestures.
The reaper hits you with a +2 scythe of freezing!!
Your neqoxec completely misses the reaper.
You are too injured to fight recklessly!
Unknown command.
You hit the reaper but do no damage.
You headbutt the reaper, but do no damage.
Your peck misses the reaper.
The reaper is heavily wounded.
Your ynoxinul gestures.
Your neqoxec hits the reaper but does no damage.
You hit the reaper.
The reaper is heavily wounded.
The reaper hits you with a +2 scythe of freezing!!!
You die...

##.......##§.§☼☼○##
##.......# .°☼☼§. ☼
##...2..####§°# °§.
###.......§§##....
###...........#
##.......#
###...###### ##
##52.### ####.
##.@3#### ######....
##5.5##)..##§........
#53###).....§☼§§..#.#
#...##.....##§.######
##..####....##§§.#
###...###.###○≈°#
##....###§§☼§##
###......☼§##
###....###


You could see a reaper, a friendly neqoxec, a friendly ynoxinul and 4 friendly
ufetubi.

Vanquished Creatures
  Harold (D:7)
  5 two-headed ogres
  4 unseen horrors
  A deep elf mage (D:12)
  Pikel (D:8)
  2 ugly things (D:12)
  A manticore (D:12)
  A cyclops (D:7)
  3 gargoyles
  An ice statue (IceCv)
  5 ice devils (IceCv)
  A meliai (D:13)
  A troll (D:9)
  8 slime creatures (D:12)
  3 hippogriffs
  15 yaks
  Grum (D:8)
  2 hungry ghosts
  2 basilisks
  4 humans
  2 soldier ants (D:8)
  A warg (D:12)
  An acid dragon (D:12)
  4 orc warriors
  A black bear (D:8)
  4 slaves (D:8)
  6 ice beasts
  2 sky beasts
  A necrophage (D:5)
  2 phantoms
  5 centaurs
  2 wolves
  3 ogres
  2 crocodiles
  2 big kobolds (D:12)
  An elf zombie (Ossuary)
  5 bullfrogs
  A gnoll sergeant (D:8)
  A wyvern skeleton (D:13)
  5 scorpions
  3 killer bees (D:10)
  12 wights
  4 howler monkeys
  3 bullfrog zombies
  2 centaur zombies (D:11)
  4 crimson imps
  3 quasits
  3 jellies
  7 orc priests
  4 centaur skeletons
  4 hounds
  A bullfrog skeleton (D:6)
  11 orc wizards
  4 iguanas
  Natasha (thrice) (D:3)
  13 worker ants
  A big kobold zombie (Ossuary)
  2 hound skeletons
  3 mummies (Ossuary)
  A worker ant zombie (D:4)
  11 adders
  9 gnolls
  4 shadow imps
  6 white imps (IceCv)
  8 ufetubi (IceCv)
  An ooze (D:2)
  An adder zombie (Ossuary)
  An adder skeleton (D:6)
  4 dart slugs
  5 leopard geckos
  37 orcs
  A ball python (D:2)
  5 bats
  4 giant cockroaches
  A gnoll zombie (Ossuary)
  7 goblins
  10 hobgoblins
  7 jackals
  7 quokkas
  5 frilled lizards
  A giant cockroach zombie (D:5)
  4 goblin zombies
  2 hobgoblin zombies (Ossuary)
  16 kobolds
  2 kobold zombies (Ossuary)
  A quokka skeleton (D:5)
  3 quokka zombies
  14 rats
  5 rat zombies (Ossuary)
383 creatures vanquished.

Vanquished Creatures (collateral kills)
  Nergalle (D:10)
  2 meliai (D:13)
  A howler monkey (D:13)
  A hound (D:13)
  A worker ant zombie (D:10)
6 creatures vanquished.

Vanquished Creatures (others)
  4 white imps (IceCv)
  2 ufetubi (IceCv)
6 creatures vanquished.

Grand Total: 395 creatures vanquished

Notes
Turn   | Place    | Note
-------+----------+-------------------------------------------
     0 | D:1      | ilgaewol the Demonspawn Wizard began the quest for the Orb.
     0 | D:1      | Reached XP level 1. HP: 13/13 MP: 4/4
   551 | D:1      | Gained mutation: You regenerate a little health from kills.
                  | [demonic ancestry]
   551 | D:1      | Reached XP level 2. HP: 19/19 MP: 1/6
   674 | D:1      | Learned a level 2 spell: Blink
  1611 | D:2      | Reached skill level 1 in Translocations
  1729 | D:2      | Gained mutation: You are partially covered in iridescent
                  | scales. (AC +2) [demonic ancestry]
  1729 | D:2      | Reached XP level 3. HP: 24/24 MP: 8/8
  1831 | D:2      | Reached skill level 1 in Armour
  2200 | D:2      | Gained mutation: You have a pair of small horns on your
                  | head. [demonic ancestry]
  2200 | D:2      | Reached XP level 4. HP: 30/30 MP: 1/9
  3047 | D:3      | Learned a level 3 spell: Conjure Flame
  3175 | D:3      | Found a hide-covered altar of Uskayaw.
  3216 | D:3      | Noticed a hungry ghost
  3266 | D:3      | Paralysed by fainting for 8 turns
  3287 | D:3      | Paralysed by fainting for 11 turns
  3304 | D:3      | Killed a hungry ghost
  3304 | D:3      | Reached skill level 1 in Axes
  3304 | D:3      | Reached XP level 5. HP: 22/36 MP: 10/10
  3462 | D:3      | Reached XP level 6. HP: 42/42 MP: 11/11
  3676 | D:3      | Noticed Natasha
  3689 | D:3      | Killed Natasha
  4136 | D:3      | Noticed Natasha
  4149 | D:3      | Killed Natasha
  4149 | D:3      | Reached skill level 1 in Fighting
  4152 | D:3      | Found a shimmering blue altar of Sif Muna.
  4198 | D:3      | Noticed a moth of wrath
  4200 | D:3      | Found a bloodstained altar of Trog.
  4433 | D:3      | Noticed Natasha
  4445 | D:3      | Killed Natasha
  5052 | D:4      | Gained mutation: You expend magic power (3 MP) to
                  | strengthen your wands. [potion of mutation]
  5052 | D:4      | Gained mutation: You can translocate small distances at
                  | will. [potion of mutation]
  5052 | D:4      | Gained mutation: Your muscles are strong. (Str +2) [potion
                  | of mutation]
  5052 | D:4      | Gained mutation: You have a beak for a mouth. [potion of
                  | mutation]
  5155 | D:4      | You fall into a shaft and drop 1 floor!
  5155 | D:5      | Entered Level 5 of the Dungeon
  5279 | D:5      | Found a staircase to the Ecumenical Temple.
  5289 | Temple   | Entered the Ecumenical Temple
  5532 | Temple   | Became a worshipper of Makhleb the Destroyer
  5617 | D:5      | Found a sparkling altar of Nemelex Xobeh.
  5811 | D:5      | Found Icocanymn's Armour Emporium.
  5828 | D:5      | Bought a +2 chain mail of fire resistance for 236 gold
                  | pieces
  5845 | D:5      | Reached XP level 7. HP: 46/46 MP: 12/12
  6701 | D:5      | Reached skill level 1 in Shields
  6995 | D:4      | Reached skill level 5 in Armour
  7394 | D:4      | Reached * piety under Makhleb
  7804 | D:5      | Found a shadowy altar of Dithmenos.
  7963 | D:6      | Found a blossoming altar of Fedhas.
  7995 | D:6      | Found a radiant altar of Vehumet.
  8019 | D:6      | Found a sacrificial altar of Ru.
  8115 | D:5      | Gained mutation: You regenerate health from kills. [demonic
                  | ancestry]
  8115 | D:5      | Reached XP level 8. HP: 16/56 MP: 13/13
  8492 | D:5      | Reached skill level 1 in Throwing
  9352 | D:6      | Found a shattered altar of Ashenzari.
  9366 | D:6      | Found a glowing silver altar of Zin.
  9871 | D:6      | Gained mutation: You have a pair of horns on your head.
                  | [demonic ancestry]
  9871 | D:6      | Reached XP level 9. HP: 17/62 MP: 14/14
 10312 | D:7      | Noticed a cyclops
 10323 | D:7      | Killed a cyclops
 10323 | D:7      | Reached skill level 5 in Axes
 10710 | D:7      | Noticed Harold
 10732 | D:7      | Killed Harold
 10999 | D:7      | Found a runed translucent door.
 11000 | D:7      | Noticed Crazy Yiuf
 11155 | D:8      | Noticed Grum
 11242 | D:8      | Reached ** piety under Makhleb
 11242 | D:8      | Reached XP level 10. HP: 69/70 MP: 15/15
 11383 | D:8      | Reached skill level 5 in Shields
 11398 | D:8      | Found a staircase to the Lair.
 11413 | D:8      | Noticed Pikel
 11435 | D:8      | Killed Pikel
 11437 | D:8      | Found a sand-covered staircase.
 11450 | Ossuary  | Entered an ossuary
 11651 | D:8      | Reached *** piety under Makhleb
 11790 | D:8      | Found a basalt altar of Yredelemnul.
 11900 | D:8      | Killed Grum
 12471 | D:9      | Noticed a two-headed ogre
 12493 | D:9      | Killed a two-headed ogre
 12812 | D:9      | Noticed a two-headed ogre
 12837 | D:9      | Killed a two-headed ogre
 12837 | D:9      | Reached XP level 11. HP: 49/78 MP: 16/16
 13485 | D:9      | Found Yxuowes's Book Shop.
 13492 | D:9      | Reached **** piety under Makhleb
 13520 | D:9      | Found an iron altar of Okawaru.
 13598 | D:10     | Entered Level 10 of the Dungeon
 13688 | D:10     | Found Jiorytoq's Jewellery Emporium.
 13930 | D:10     | Reached skill level 1 in Invocations
 13942 | D:10     | Found an iron altar of Okawaru.
 13970 | D:10     | Noticed a two-headed ogre
 14011 | D:10     | Killed a two-headed ogre
 14098 | D:10     | Noticed Nergalle
 14115 | D:10     | Killed Nergalle
 14115 | D:10     | Reached skill level 5 in Fighting
 14520 | D:11     | Killed an unseen horror
 14679 | D:11     | Killed an unseen horror
 15005 | D:11     | Reached ***** piety under Makhleb
 15259 | D:11     | Killed an unseen horror
 15684 | D:12     | Noticed a cyan ugly thing
 15697 | D:12     | Killed a cyan ugly thing
 15997 | D:12     | Killed an unseen horror
 16077 | D:12     | Noticed a two-headed ogre
 16087 | D:12     | Reached skill level 10 in Armour
 16092 | D:12     | Killed a two-headed ogre
 16092 | D:12     | Gained mutation: You are mostly covered in iridescent
                  | scales. (AC +4) [demonic ancestry]
 16092 | D:12     | Reached XP level 12. HP: 86/86 MP: 17/17
 16125 | D:12     | Found a staircase to the Orcish Mines.
 16255 | D:12     | Found a runed translucent door.
 16329 | D:12     | Noticed a crystal guardian
 16332 | D:12     | Noticed a crystal guardian
 16481 | D:12     | Reached skill level 5 in Invocations
 16669 | D:12     | HP: 2/87 [large slime creature (32)]
 17103 | D:12     | Reached skill level 10 in Axes
 17572 | D:12     | Found Iczies's Distillery.
 18183 | D:13     | Noticed a two-headed ogre
 18421 | D:13     | Killed a two-headed ogre
 18525 | D:13     | Found a frozen archway.
 18530 | IceCv    | Entered an ice cave
 19397 | IceCv    | Noticed a reaper
 19416 | IceCv    | Mangled by a reaper

Levels and vault maps discovered:
D:1:      scummos_arrival_simple_fountains, layout_basic
D:2:      layout_basic, dk_noncrumbling_3, minmay_fractal_squares_gapless_5
D:3:      layout_basic, tgw_trog, led_sif_pool, nicolae_overflow_hidden_temple,
          first_ration, minmay_misc_feat_five, minmay_divided_ellipse,
          uniq_natasha
D:4:      minmay_door_path, layout_basic
D:5:      layout_gridville, kennysheep_little_box,
          nicolae_dithmenos_through_a_glass_darkly, minmay_temple_entry_tees,
          serial_shops, nicolae_shop_waterfront
D:6:      layout_cave_pools, vehumet_statue, kennysheep_mini,
          evilmike_ruin_ashenzari, nicolae_ru_sacrificial_ziggurat,
          old_standard_altar
D:7:      layout_rooms, minmay_ruffians, uniq_harold, uniq_crazy_yiuf_cottage
D:8:      layout_loops_ring, lemuel_crystal_altar, dpeg_oklobed_lair,
          enter_ossuary_4, hangedman_pestilent_swarm, grunt_ministairs_1,
          uniq_grum, uniq_pikel
D:9:      layout_long_grid, lemuel_coloured_pillars_altar, serial_shops, shop
D:10:     layout_rooms, basic_altar, serial_shops, shop, uniq_nergalle
D:11:     layout_basic, grunt_decor_one_mirror
D:12:     layout_roguey, erik_orc_3, serial_shops, nicolae_shop_behind_doors,
          minmay_crystal_box
D:13:     layout_layer_cave, skrybe_vaults_entry_preservation,
          portal_ice_cave_entry_pillars_1
Temple:   dpeg_chambers_temple
IceCv:    ice_cave_small_demon

Skill      XL: |  1  2  3  4  5  6  7  8  9 10 11 12 |
---------------+-------------------------------------+-----
Translocations | 1 2 |  2.0
Armour         | 1 3 4 5 6 7 8 10 | 10.7
Conjurations   | 2 |  2.0
Axes           | 1 2 3 4 6 8 9 10 | 10.9
Fighting       | 1 2 3 4 5 6 |  6.3
Shields        | 2 3 4 6 7 8 |  8.5
Throwing       | 2 4 |  4.7
Invocations    | 4 6 |  6.9
Dodging        | |  1.7
Stealth        | |  1.7
Spellcasting   | |  3.6
Summonings     | |  1.0

Action                   |  1- 3 |  4- 6 |  7- 9 | 10-12 || total
-------------------------+-------+-------+-------+-------++-------
Melee: Hand axe          |    44 |   181 |   306 |       ||   531
       Unarmed           |    11 |       |       |       ||    11
       Headbutt          |       |    17 |    57 |   194 ||   268
       Peck              |       |     1 |    59 |   177 ||   237
       War axe           |       |       |    96 |  1016 ||  1112
Throw: Dart              |       |       |    72 |    53 ||   125
       Javelin           |       |       |    24 |       ||    24
       Boomerang         |       |       |       |     1 ||     1
 Cast: Magic Dart        |    57 |    33 |       |       ||    90
Invok: Lesser Servant of |       |       |       |     5 ||     5
 Abil: Blink             |       |       |    14 |     4 ||    18
  Use: Scroll            |       |     7 |     1 |    19 ||    27
       Potion            |       |     1 |     1 |     1 ||     3
 Stab: Sleeping          |       |     1 |       |       ||     1
       Distracted        |       |       |       |     1 ||     1
  Eat: Chunk             |     3 |    19 |    11 |    20 ||    53
       Ration            |       |     2 |     2 |     5 ||     9
Armor: Ring mail         |    44 |   136 |       |       ||   180
       Leather armour    |     6 |       |       |       ||     6
       Chain mail        |       |     1 |   362 |   842 ||  1205
Dodge: Dodged            |    43 |    90 |   128 |   232 ||   493
Block: Shield            |       |       |    34 |   538 ||   572
